 Dungeon Crawl Stone Soup version 0.31.0-12-g77e489cdc1 (webtiles) character file.

Game seed: 6807945659661782303

1563 Curundu the Cleaver (level 8, 0/71 (73) HPs)
             Began as a Minotaur Berserker on Feb 15, 2024.
             Was a Priest of Trog.
             Slain by a wight
             ... wielding a +0 dagger
              (1 damage)
             ... on level 7 of the Dungeon on Feb 16, 2024.
             The game lasted 00:10:59 (3853 turns).

Curundu the Cleaver (Minotaur Berserker)            Turns: 3853, Time: 00:11:00

HP:   0/71 (73)     AC: 11    Str: 24    XL:     8   Next: 58%
MP:   7/7           EV: 10    Int:  4    God:    Trog [***...]
Gold: 124           SH:  0    Dex: 10    Spells: 7/7 levels left

rFire   . . .        a - +0 hand axe
rCold   . . .        (no shield)
rNeg    . . .        t - +0 chain mail
rPois   .            (helmet restricted)
rElec   .            (no cloak)
rCorr   .            b - +0 pair of gloves
SInv    .            (no boots)
Will    .....        (no amulet) Stlth
                     (no ring)
HPRegen 0.31/turn    (no ring)
MPRegen 0.10/turn

%: no passive effects
@: about to teleport, on berserk cooldown, slowed, lightly drained, very slow
A: horns 2, retaliatory headbutt
a: Renounce Religion, Berserk, Trog's Hand


You were on level 7 of the Dungeon.
You worshipped Trog.
Trog was most pleased with you.
You visited 1 branch of the dungeon, and saw 5 of its levels.

You collected 124 gold pieces.

Inventory:

Hand Weapons
 a - a +0 hand axe (weapon)
Armour
 b - a +0 pair of gloves (worn)
 t - a +0 chain mail (worn)
Jewellery
 c - a ring of willpower
Wands
 p - a wand of flame (15)
Scrolls
 e - a scroll of amnesia {unknown}
 f - 2 scrolls of teleportation
 j - a scroll of fear {unknown}
 k - 4 scrolls of identify {unknown}
 l - a scroll of revelation {unknown}
 n - a scroll of poison {unknown}
 o - 2 scrolls of noise {unknown}
 s - a scroll of vulnerability {unknown}
Potions
 d - 3 potions of curing {unknown}
 g - 2 potions of berserk rage {unknown}
 h - a potion of might {unknown}
 i - a potion of heal wounds {unknown}
 m - a potion of brilliance {unknown}
 q - a potion of lignification {unknown}
 r - 2 potions of degeneration {unknown}


   Skills:
 + Level 7.4 Fighting
 + Level 9.3 Axes
 + Level 6.4 Armour
 + Level 4.1 Dodging
 + Level 0.3 Stealth


You had 7 spell levels left.
You didn't know any spells.
Your spell library was empty.

Dungeon Overview and Level Annotations

Branches:
Dungeon (7/15)
 Temple: D:4-7

Altars:
Trog
Vehumet


Innate Abilities, Weirdness & Mutations

You have a pair of horns on your head.
You reflexively headbutt those who attack you in melee.


Message History

The wight hits you from afar with a +0 spear.
* * * LOW HITPOINT WARNING * * *
You barely miss the wight. You headbutt the wight.
The wight is severely damaged.
You hit the bullfrog. You barely miss the orc. The bullfrog barely misses you.
The bullfrog misses you. The wight misses you. x2
The orc hits you with a +0 club.
* * * LOW HITPOINT WARNING * * *
The bullfrog closely misses you. You furiously retaliate!
You headbutt the bullfrog! You hit the wight but do no damage.
Your headbutt misses the wight.
The wight is severely damaged.
You slash the bullfrog! You hit the bullfrog. You slash the orc!
The bullfrog hits you but does no damage.
The bullfrog closely misses you.
An orc wizard comes into view. It is wielding a +0 dagger.
An iguana comes into view.
The wight hits you with a +0 dagger.
* * * LOW HITPOINT WARNING * * *
You feel drained.
* * * LOW HITPOINT WARNING * * *
The wight barely misses you. The bullfrog completely misses you.
The bullfrog hits you but does no damage.
As you read the scroll labelled SEOBERR JAUNN, it crumbles to dust.
You feel strangely unstable.
It was a scroll of teleportation.
The centaur wields a +0 orcbow.
The centaur shoots an arrow.
The arrow hits you.
* * * LOW HITPOINT WARNING * * *
The bullfrog closely misses you. You furiously retaliate!
You headbutt the bullfrog.
The bullfrog hits you but does no damage.
The orc wizard gestures at you while chanting.
The wight hits you with a +0 dagger.
* * * LOW HITPOINT WARNING * * *
You feel drained.
* * * LOW HITPOINT WARNING * * *
The wight closely misses you. The orc hits you but does no damage.
The bullfrog hits you but does no damage. x2
Something hits you but does no damage. The wight hits you with a +0 dagger.
You die...

...........#
#####...##.# ###'###
+...##.# .......
#...##)# .......
##'###.###....... #.#
#.##......[. #.#
#)##zz......
##+####.###.##z.....!.
.............@Fz......
....###.#<...oF...l...
.. #.###c##........
................
#................
###.##.#######...
.o....# ... ##..### ..


You could see 2 bullfrogs, a centaur, an iguana, 4 wights, an orc wizard and an
orc.

Vanquished Creatures
  A hornet (D:7)
  Eustachio (D:6)
  A black bear (D:6)
  An ice beast (D:6)
  A sky beast (D:6)
  An orc warrior (D:6)
  A centaur (D:7)
  A phantom (D:6)
  A scorpion (D:6)
  A wight (D:7)
  2 electric eels (D:6)
  2 howler monkeys (D:7)
  An orc priest (D:6)
  3 hounds (D:6)
  An orc wizard (D:7)
  A sleepcap (D:6)
  4 iguanas (D:6)
  Terence (D:3)
  3 adders
  2 ufetubi (D:6)
  8 dart slugs
  2 ribbon worms (D:2)
  12 orcs
  5 bats
  8 endoplasms
  3 giant cockroaches
  5 hobgoblins
  8 jackals (D:1)
  3 quokkas (D:3)
  8 ball pythons
  4 frilled lizards
  6 goblins
  4 kobolds
  6 rats
112 creatures vanquished.

Notes
Turn   | Place    | Note
-------+----------+-------------------------------------------
     0 | D:1      | Curundu the Minotaur Berserker began the quest for the Orb.
     0 | D:1      | Reached XP level 1. HP: 19/19 MP: 0/0
    97 | D:1      | Reached XP level 2. HP: 23/27 MP: 1/1
    99 | D:1      | Reached skill level 4 in Axes
   503 | D:1      | Reached XP level 3. HP: 34/34 MP: 2/2
   789 | D:1      | Reached ** piety under Trog
  1317 | D:2      | Found a radiant altar of Vehumet.
  1636 | D:2      | Reached XP level 4. HP: 41/41 MP: 3/3
  1873 | D:3      | Noticed Terence
  1884 | D:3      | Killed Terence
  1885 | D:3      | Reached skill level 5 in Axes
  2160 | D:3      | Reached XP level 5. HP: 47/47 MP: 4/4
  2187 | D:3      | You fall into a shaft and drop 3 floors!
  2254 | D:6      | Noticed a black bear
  2265 | D:6      | Killed a black bear
  2290 | D:6      | Reached skill level 5 in Fighting
  2290 | D:6      | Reached skill level 6 in Axes
  2290 | D:6      | Reached XP level 6. HP: 14/56 MP: 5/5
  2820 | D:6      | Noticed an ice beast
  2827 | D:6      | Killed an ice beast
  2828 | D:6      | Reached skill level 7 in Axes
  2828 | D:6      | Reached XP level 7. HP: 47/61 MP: 6/6
  2840 | D:6      | Reached skill level 5 in Armour
  2860 | D:6      | Reached *** piety under Trog
  3138 | D:6      | Reached skill level 8 in Axes
  3283 | D:6      | Found a bloodstained altar of Trog.
  3480 | D:6      | Noticed Eustachio
  3526 | D:6      | Killed Eustachio
  3527 | D:6      | Reached XP level 8. HP: 70/70 MP: 7/7
  3827 | D:7      | Noticed a hornet
  3833 | D:7      | Paralysed by a hornet for 2 turns
  3837 | D:7      | Killed a hornet
  3838 | D:7      | Reached skill level 9 in Axes
  3853 | D:7      | HP: 2/72 [wight/+0 dagger (3)]
  3853 | D:7      | Slain by a wight

Illustrated notes

Levels and vault maps discovered:
D:1:      mushboom_english_gardens, layout_basic
D:2:      layout_basic, basic_altar, grunt_decor_clamped,
          hangedman_abyss_or_decor_stabs, nrook_uturn, nicolae_titane
D:3:      layout_loops_ring, uniq_terence
D:6:      kennysheep_slugbush, layout_cave_pods, old_standard_altar,
          uniq_eustachio
D:7:      layout_basic, st_stairs_2, minmay_manual_mares

Skill      XL: |  1  2  3  4  5  6  7  8 |
---------------+-------------------------+-----
Fighting       | 4 5 6 7 |  7.4
Axes           | 4 5 6 7 8 9 |  9.3
Armour         | 3 4 5 6 |  6.4
Dodging        | 3 4 |  4.1
Stealth        | |  0.3

Action                     |  1- 3 |  4- 6 |  7- 9 || total
---------------------------+-------+-------+-------++-------
  Melee: Hand axe          |    93 |   108 |   104 ||   305
         Headbutt          |    13 |    20 |    17 ||    50
         Punch             |       |       |     2 ||     2
 Invoke: Trog's Hand       |       |     3 |     3 ||     6
         Berserk           |       |     1 |     1 ||     2
    Use: Scroll            |       |       |     1 ||     1
 Armour: Ring mail         |    40 |       |       ||    40
         Scale mail        |    18 |   103 |    22 ||   143
         Chain mail        |       |       |    90 ||    90
  Dodge: Dodged            |    68 |    64 |    68 ||   200
